 Dungeon Crawl Stone Soup version 0.31.0-11-ge490571c62 (webtiles) character file.

Game seed: 7805115927279978450

9 browni3141 the Shooter (level 2, 22/22 HPs)
             Began as a Demonspawn Hunter on Jan 31, 2024.
             Got out of the dungeon alive.
             The game lasted 00:00:09 (205 turns).

browni3141 the Shooter (Demonspawn Hunter)           Turns: 205, Time: 00:00:09

Health: 22/22      AC:  5    Str: 11    XL:     2   Next: 6%
Magic:  2/2        EV: 12    Int:  9    God:
Gold:   37         SH:  0    Dex: 16    Spells: 1/1 levels left

rFire   . . .        a - +0 shortbow
rCold   . . .        (shield currently unavailable)
rNeg    . . .        c - +0 leather armour
rPois   .            (no helmet)
rElec   .            (no cloak)
rCorr   .            (no gloves)
SInv    .            (no boots)
Will    .....        (no amulet)
Stlth   ++           (no ring)
HPRegen 0.23/turn    (no ring)
MPRegen 0.08/turn

%: no passive effects
@: no status effects
A: yellow scales 1
a: no special abilities


You escaped.
You visited 1 branch of the dungeon, and saw 1 of its levels.

You collected 37 gold pieces.

Inventory:

Hand Weapons
 a - a +0 shortbow (weapon)
Armour
 c - a +0 leather armour (worn)
Jewellery
 e - a ring of flight
Scrolls
 b - a scroll of butterflies
 d - 2 scrolls of poison {unknown}
Potions
 f - a potion of magic {unknown}
 g - a potion of lignification {unknown}
 h - a potion of resistance {unknown}


   Skills:
 + Level 2.2 Fighting
 + Level 3.7 Ranged Weapons
 + Level 2.0 Dodging
 + Level 1.2 Stealth


You had one spell level left.
You didn't know any spells.
Your spell library was empty.

Dungeon Overview and Level Annotations

Branches:
Dungeon (1/15)

Altars:


Innate Abilities, Weirdness & Mutations

You are partially covered in yellow scales. (AC +2)


Message History

The giant cockroach bites you but does no damage.
The giant cockroach misses you.
You shoot an arrow. The arrow hits the giant cockroach.
The giant cockroach is almost dead.
The giant cockroach barely misses you.
You shoot an arrow.
The arrow hits the giant cockroach but does no damage.
The giant cockroach is almost dead.
The giant cockroach closely misses you.
A giant cockroach is nearby!
A giant cockroach is nearby!
A giant cockroach is nearby!
A giant cockroach is nearby!
A giant cockroach is nearby!
You shoot an arrow.
The arrow barely misses the giant cockroach.
The giant cockroach barely misses you. The giant cockroach closely misses you.
A giant cockroach is nearby!
A giant cockroach is nearby!
You shoot an arrow.
The arrow hits the giant cockroach but does no damage.
The giant cockroach is almost dead.
The giant cockroach bites you but does no damage. x2
A giant cockroach is nearby!
You shoot an arrow.
The arrow hits the giant cockroach but does no damage.
The giant cockroach is almost dead.
The giant cockroach barely misses you.
You shoot an arrow. The arrow hits the giant cockroach.
You kill the giant cockroach!
You see here a +0 dagger.
d - 2 scrolls labelled TOWOVI CEATOEX No target in view!
Key pressed, stopping explore.
No target in view!
No target in view!
You now have 17 gold pieces.
A rat comes into view.
A rat is nearby!
You shoot an arrow. The arrow hits the rat!
You kill the rat!
No target in view!
Found a stone staircase leading down.
No target in view!
e - a ring of flight No target in view!
There is a stone staircase leading down here.
A frilled lizard comes into view.
You shoot an arrow. The arrow hits the frilled lizard.
You kill the frilled lizard!
You now have 30 gold pieces (gained 13).
You now have 31 gold pieces (gained 1).
f - a fuming white potion A goblin comes into view.
It is wielding a +0 dagger.
The goblin shouts!
You shoot an arrow. The arrow hits the goblin.
You kill the goblin!
Your Dodging skill increases to level 2!
A hobgoblin comes into view.
You see here a glowing green potion.
You shoot an arrow. The hobgoblin shouts!
The arrow hits the hobgoblin.
The hobgoblin is severely wounded.
You hear a shout!
A hobgoblin is nearby!
You shoot an arrow. The arrow barely misses the hobgoblin.
A kobold comes into view. It is wielding a +0 dagger.
There are monsters nearby!
You shoot an arrow.
The arrow hits the hobgoblin but does no damage.
The hobgoblin is severely wounded.
There are monsters nearby!
You shoot an arrow.
The arrow hits the hobgoblin but does no damage.
The hobgoblin is severely wounded.
You shoot an arrow. The arrow hits the hobgoblin.
You kill the hobgoblin!
You have reached level 2!
Your demonic ancestry asserts itself...
Yellow scales grow over part of your body.
You shoot an arrow.
The arrow hits the kobold but does no damage.
The kobold throws a stone.
The stone completely misses you.
The kobold throws a stone.
The stone misses you.
A kobold is nearby!
You shoot an arrow. The arrow misses the kobold.
A kobold is nearby!
A kobold is nearby!
You shoot an arrow. The arrow hits the kobold.
You kill the kobold!
No target in view!
g - a glowing green potion No target in view!
You now have 37 gold pieces (gained 6).
Items here: ( )) ††.
h - a silvery potion No target in view!
There is a staircase leading out of the dungeon here.
You have escaped!

#.#.###.####............#
#.#####.....#####.#######.
#.#...#.....#...#.# ###.
#.#.8.#.....#.8.#.### #..
#.#...#.....#...#...# #.#
#.#####.....#######.###.##
#................##.......
.................##.######
#........@.......##..####
......................#
...............#......##
#####.....#######......#
#...#.....#...###....#.#
#.8.#.....#.8.########.#
#...#.....#...## #.#
#####.....###### #.#
..####### #..


There were no monsters in sight!

Vanquished Creatures
  An endoplasm (D:1)
  A giant cockroach (D:1)
  2 goblins (D:1)
  A hobgoblin (D:1)
  A frilled lizard (D:1)
  2 kobolds (D:1)
  A rat (D:1)
9 creatures vanquished.

Notes
Turn   | Place    | Note
-------+----------+-------------------------------------------
     0 | D:1      | browni3141 the Demonspawn Hunter began the quest for the
                  | Orb.
     0 | D:1      | Reached XP level 1. HP: 16/16 MP: 1/1
    17 | D:1      | Reached skill level 1 in Stealth
   148 | D:1      | Gained mutation: You are partially covered in yellow
                  | scales. (AC +2) [demonic ancestry]
   148 | D:1      | Reached XP level 2. HP: 22/22 MP: 2/2
   205 | D:$      | Got out of the dungeon alive.

Illustrated notes

Levels and vault maps discovered:
D:1:      minmay_arrival_glassed_features, layout_basic, minmay_pentomino_r4

Skill      XL: |  1 |
---------------+----+-----
Stealth        | 1 |  1.2
Dodging        | 2 |  2.0
Fighting       | |  2.2
Ranged Weapons | |  3.7

Action                     || total
---------------------------++-------
   Fire: Shortbow          ||    28
 Armour: Leather armour    ||     7
  Dodge: Dodged            ||    12
